cohdb
Replays
Latest Replays
All Replays
Popular Replays
Top Player Replays
Match Explorer
How It Works
Community
CoH3 Stats
Reddit
Sign in to upload your games and track your stats! →
Sign in with Steam
Match 27918959
Unlisted
Match 27918959
Overview
Messages
Build Orders
End
Panzergrenadier Squad
Panzerpioneer Squad
250 Light Carrier
Construct Light Support Kompanie
Combat Half-tracks
MG34 Team
Construct Mechanized Kompanie
Panzerjäger Mechanized Group
Selects Armored Support Battlegroup
Selects Superior Fire Drills
Selects Salvage Kits
8 Rad Armored Car
Vehicle Survival Package
Marder III Tank Destroyer
Construct Panzerarmee Kommand
Emergency Repair Kits
Panzer III L Medium Tank
Selects Panzer Storm
Panzer Storm
Selects Stuka Dive Bomb
Ruby
HulkSMASH
小水水
乌拉
0
0
Comments
sign in to comment!
No comments posted yet!